Map: Blackrock LE

Players

Halo - Winner!

  • Race: Zerg Zerg

A.I. 1 (Very Hard)

  • Race: Protoss Protoss

VOD

Have the link to the VOD?

Description

Time

  • Played on: Aug. 5, 2026, 1:58 a.m.
  • Length: 13:40
Show
View Real Time Build Order
Export as new Build Order

Halo Zerg - Winner!

Build Orders: Hatch First 

Get SALT Encoding   

  8  0:00  Drone  
  9  0:10  Drone  
  10  0:16  Drone  
  11  0:21  Drone  
  12  0:28  Extractor  
  12  0:30  Drone  
  13  0:40  Overlord  
  13  0:58  Drone x2  
  15  1:14  Hatchery  
  15  1:17  Drone  
  15  1:20  Drone  
  16  1:37  Extractor  
  15  1:40  Spawning Pool  
  15  1:42  Drone  
  15  1:45  Drone  
  16  1:49  Drone  
  16  1:52  Drone  
  18  2:02  Drone  
  19  2:11  Overlord  
  19  2:21  Drone  
  20  2:33  Zergling x4  
  22  2:38  Queen x2  
  22  2:40  Drone  
  27  2:47  Drone x2  
  29  2:53  Drone  
  30  3:08  Drone x2  
  32  3:27  Overlord  
  32  3:28  Hatchery, Overlord  
  31  3:44  Queen x2  
  31  3:45  Drone  
  31  3:46  Drone x2  
  38  3:49  Drone  
  38  3:54  Overlord  
  39  3:58  Overlord  
  39  4:04  Drone  
  39  4:05  Drone x2  
  42  4:10  Drone x2  
  42  4:11  Drone  
  45  4:23  Extractor  
  44  4:24  Baneling Nest  
  43  4:36  Overlord  
  43  4:37  Overlord  
  43  4:38  Drone x6  
  49  4:49  Zergling x6  
  52  4:54  Drone  
  52  4:55  Drone  
  54  5:02  Overlord x2  
  54  5:07  Drone  
  54  5:08  Drone x6  
  61  5:17  Overlord x2  
  61  5:26  Drone  
  61  5:27  Drone x5  
  67  5:29  Zergling x2  
  67  5:32  Drone  
  67  5:33  Overlord x2  
  69  5:44  Lair  
  69  5:45  Drone x2  
  69  5:47  Evolution Chamber  
  70  5:50  Zergling x8  
  70  5:51  Evolution Chamber  
  73  6:07  Zergling x6  
  73  6:08  Zergling x20  
  86  6:12  Metabolic Boost  
  86  6:24  Zerg Melee Weapons Level 1, Zerg Ground Armor Level 1  
  86  6:30  Overlord x2  
  86  6:32  Zergling x20  
  96  6:47  Infestation Pit  
  96  6:50  Centrifugal Hooks  
  95  6:56  Overlord x2  
  95  6:57  Overlord  
  95  6:58  Zergling x8  
  99  7:45  Baneling  
  99  7:46  Baneling x21  
  99  7:48  Zergling x16  
  99  7:49  Zergling x16  
  115  8:01  Zergling x6  
  118  8:08  Hatchery  
  117  8:19  Hatchery  
  116  8:22  Zergling x24  
  128  8:33  Zerg Melee Weapons Level 2, Zerg Ground Armor Level 2  
  97  8:42  Zergling x22  
  97  8:43  Zergling x4  
  92  8:51  Zergling x4  
  86  9:01  Drone x2  
  86  9:05  Drone x2  
  86  9:07  Hatchery  
  86  9:08  Hatchery  
  82  9:11  Zergling x2  
  82  9:12  Zergling x20  
  92  9:27  Zergling x2  
  92  9:28  Zergling x8  
  97  9:36  Hydralisk Den  
  97  9:37  Hive  
  96  9:44  Extractor, Drone x2  
  97  9:45  Drone x2  
  97  9:46  Drone  
  97  9:50  Extractor, Drone  
  97  9:51  Drone  
  97  9:52  Drone x2  
  103  9:56  Drone x2  
  103  9:57  Extractor, Drone  
  103  9:58  Drone x2, Extractor  
  103  9:59  Drone x3  
  109  10:01  Drone x2  
  109  10:04  Drone x4  
  115  10:07  Zergling x2  
  115  10:08  Zergling x12  
  122  10:21  Drone  
  122  10:22  Drone x8  
  122  10:26  Zergling x6  
  122  10:27  Zergling x4  
  136  10:29  Baneling  
  136  10:30  Baneling x19  
  136  10:39  Hydralisk x4  
  144  10:43  Zergling x18  
  144  10:44  Zergling x8  
  144  10:46  Overlord x2  
  144  10:49  Zerg Missile Weapons Level 1  
  157  11:06  Queen  
  157  11:08  Queen  
  161  11:33  Zergling x14  
  161  11:34  Zergling x52  
  194  11:43  Grooved Spines  
  194  11:52  Hydralisk  
  194  11:53  Hydralisk x2  
  168  12:16  Zergling x42  
  168  12:20  Hydralisk x9  
  176  12:34  Muscular Augments  
  174  12:42  Zergling x18  
  174  12:43  Zergling x14  
  187  12:48  Hydralisk  
  187  12:49  Hydralisk x7  
  193  13:00  Zergling x6  
  193  13:01  Zergling x10  
Show
View Real Time Build Order
Export as new Build Order

A.I. 1 (Very Hard) Protoss 

Build Orders: Zealot Archon 

Get SALT Encoding   

  8  0:00  Probe  
  9  0:13  Probe  
  10  0:25  Probe  
  11  0:37  Probe  
  12  0:47  Pylon  
  12  0:49  Probe  
  13  1:01  Probe  
  13  1:08  Gateway  
  13  1:09  Probe  
  14  1:17  Assimilator  
  15  1:19  Probe  
  16  1:31  Pylon, Probe  
  17  1:43  Probe  
  18  1:53  Zealot  
  18  1:55  Probe  
  21  2:01  Cybernetics Core  
  21  2:07  Probe  
  22  2:20  Probe  
  23  2:26  Gateway  
  23  2:30  Pylon  
  23  2:32  Probe  
  24  2:44  Probe  
  25  2:50  Warp Gate  
  25  2:55  Nexus  
  25  3:02  Zealot  
  25  3:04  Probe  
  28  3:16  Probe  
  28  3:19  Stalker  
  31  3:29  Probe  
  31  3:30  Assimilator  
  32  3:36  Adept  
  32  3:41  Probe  
  35  3:48  Pylon  
  35  3:53  Probe  
  36  4:05  Probe, Adept  
  36  4:06  Probe  
  40  4:10  Robotics Facility  
  40  4:17  Probe  
  40  4:19  Probe  
  44  4:29  Probe  
  44  4:31  Probe, Adept  
  46  4:41  Probe  
  46  4:43  Probe, Adept  
  50  4:51  Pylon  
  50  4:52  Adept  
  52  4:53  Probe, Immortal  
  52  4:55  Probe  
  58  5:09  Stalker, Probe x2  
  58  5:13  Pylon  
  62  5:19  Stalker  
  62  5:21  Probe x2  
  66  5:27  Twilight Council  
  66  5:31  Stalker  
  68  5:41  Sentry  
  68  5:42  Probe  
  71  5:43  Probe  
  71  5:44  Pylon  
  72  5:50  Assimilator  
  72  5:53  Assimilator  
  72  5:58  Gateway  
  72  6:02  Probe  
  72  6:03  Probe  
  74  6:08  Pylon  
  74  6:11  Templar Archives, Probe  
  74  6:13  Probe  
  76  6:20  Probe  
  76  6:21  Probe  
  78  6:26  Zealot  
  78  6:28  Pylon  
  78  6:29  Probe  
  78  6:30  Probe  
  82  6:42  Stalker, Probe  
  82  6:43  Probe  
  86  6:49  Pylon, Stalker  
  86  6:50  High Templar  
  90  7:01  Forge  
  90  7:04  Immortal, Sentry  
  90  7:06  Forge  
  90  7:07  Pylon  
  96  7:12  High Templar  
  96  7:15  Gateway  
  98  7:24  Archon  
  98  7:25  High Templar  
  98  7:26  Zealot  
  102  7:33  Pylon  
  102  7:37  Stalker  
  102  7:39  Photon Cannon  
  102  7:41  Pylon  
  102  7:43  Observer  
  105  7:49  High Templar  
  107  7:55  Archon  
  107  7:56  Stalker  
  109  8:01  Warp Prism  
  111  8:06  Photon Cannon  
  111  8:09  High Templar, Photon Cannon  
  111  8:11  Pylon  
  113  8:23  High Templar  
  115  8:28  Stalker  
  115  8:31  Zealot  
  115  8:32  Gateway  
  119  8:36  Warp Prism  
  119  8:38  Pylon, Nexus  
  111  8:43  Zealot  
  111  8:44  Zealot  
  94  8:49  Stalker  
  94  8:53  Zealot  
  72  9:05  Adept  
  72  9:06  High Templar  
  68  9:11  Stalker  
  68  9:16  Zealot  
  72  9:23  Zealot  
  74  9:27  Adept  
  74  9:28  Photon Cannon  
  76  9:33  Sentry, Zealot  
  76  9:38  Sentry  
  82  9:44  Immortal  
  82  9:45  Zealot  
  88  9:49  Gateway  
  88  9:50  Probe x3, High Templar, Stalker  
  95  9:54  Stalker  
  95  9:55  Stalker  
  95  9:58  Archon  
  99  10:00  Assimilator  
  99  10:02  Probe x2  
  99  10:03  Probe, Pylon, Assimilator  
  102  10:08  High Templar  
  102  10:14  Probe x2  
  105  10:15  Probe  
  107  10:22  High Templar, Probe  
  107  10:24  Photon Cannon  
  107  10:26  Pylon  
  107  10:27  Probe x2, Archon, Stalker  
  114  10:30  Probe  
  115  10:37  Zealot x2  
  115  10:39  Probe x2  
  115  10:40  High Templar, Probe  
  115  10:42  Zealot  
  125  10:49  Zealot  
  128  10:50  Zealot  
  128  10:51  Probe  
  131  10:57  Immortal  
  131  10:59  Zealot x2  
  131  11:01  Protoss Ground Weapons Level 1  
  139  11:04  Zealot  
  139  11:05  Zealot  
  139  11:11  Pylon, Zealot  
  145  11:15  Zealot  
  147  11:21  Stalker, Zealot  
  147  11:22  Photon Cannon  
  147  11:23  Sentry  
  153  11:26  Stalker  
  153  11:29  Protoss Ground Armor Level 1  
  155  11:33  Pylon, High Templar  
  155  11:35  Photon Cannon  
  155  11:36  Immortal  
  155  11:37  Stalker  
  163  11:40  Adept  
  163  11:41  Archon  
  163  11:42  High Templar  
  163  11:44  Zealot  
  169  11:48  Sentry  
  171  11:55  Pylon  
  171  11:57  Zealot  
  171  11:59  High Templar  
  175  12:07  Stalker  
  175  12:08  Zealot  
  165  12:09  Zealot, Photon Cannon  
  165  12:10  Zealot  
  119  12:15  Observer  
  119  12:19  Adept  
  96  12:29  High Templar  
  83  12:30  Zealot  
  83  12:31  Photon Cannon, Stalker  
  83  12:32  Adept  
  83  12:33  Observer  
  83  12:35  Zealot  
  84  12:38  Zealot  
  84  12:40  Zealot  
  84  12:41  High Templar  
  79  12:46  Probe  
  79  12:47  Probe, Adept  
  51  12:53  Zealot  
  51  12:55  Zealot  
  43  12:58  Probe  
  43  12:59  Probe  
  43  13:02  Stalker  
  43  13:04  High Templar  
  43  13:05  Zealot  
  33  13:10  Probe  
  33  13:11  Probe  
  31  13:16  Zealot  
  26  13:23  Probe x2  
  26  13:25  High Templar  
Tags
 
Add a new tag
Caveats
  • Supply blocks, unpowered buildings, or Contaminate may cause inaccurate times.
  • Supply counts are checked every 10 seconds.